 Dungeon Sprint DCSS version 0.21.1-1-g345015fe64 (webtiles) character file.

423818 Groucho the Minotaur Barricade (level 21, -11/156 HPs)
             Began as a Minotaur Fighter on Apr 16, 2018.
             Was a High Priest of Cheibriados.
             Splashed by an acid blob's acid (13 damage)
             ... in the Dungeon (Sprint IX: "|||||||||||||||||||||||||||||").
             The game lasted 01:58:03 (8674 turns).

Groucho the Minotaur Barricade (Minotaur Fighter)   Turns: 8674, Time: 01:58:06

Health: -11/156    AC:  8    Str: 34    XL:     21   Next: 14%
Magic:  12/32      EV: 34    Int: 19    God:    Cheibriados [*****.]
Gold:   1077       SH: 32    Dex: 37    Spells: 64/64 levels left

rFire    + + +     SeeInvis +   L - +5 double sword "Liolao" {drain, rF++ SInv}
rCold    + + +     Gourm    .   C - +1 large shield
rNeg     + . .     Faith    .   I - +8 gold dragon scales
rPois    +         Spirit   .   (helmet restricted)
rElec    +         Reflect  .   d - +2 cloak
rCorr    .         Harm     .   t - +1 pair of gloves {archery}
MR       +....     NoTele   +   (no boots)
Stlth    ..........             (no amulet)
HPRegen  0.36/turn              v - ring of Xeacracu {rC++ rN+}
MPRegen  0.23/turn              J - ring of Raeduog {rElec rC+ Dex+4 SInv}

@: corroded, very slow
A: retaliatory headbutt, horns 2, deformed body, frail 3, low mp 3, weak 1,
subdued magic 1
0: Orb of Zot
}: 6/15 runes: decaying, serpentine, barnacled, elven, silver, gossamer
a: Bend Time, Temporal Distortion, Slouch, Step From Time, Renounce Religion


You were in the Dungeon.
You worshipped Cheibriados.
Cheibriados was extremely pleased with you.
You were not hungry.

You visited 1 branch You collected 1947 gold pieces.
You spent 870 gold pieces at shops.

Inventory:

Hand Weapons
 A - a +1 double sword
 G - a +4 demon trident
 H - a +7 broad axe
 K - the +5 demon blade "Kurownem" {elec, MR++ MP+9 Str-4}
   (You found it in the Dungeon)

   Occasionally, upon striking a foe, it will discharge some electrical energy
   and cause terrible harm.
   It affects your strength (-4).
   It affects your resistance to hostile enchantments.
   It affects your magic capacity (+9).
 L - the +5 double sword "Liolao" (weapon) {drain, rF++ SInv}
   (You found it in the Dungeon)

   A truly terrible weapon, it drains the life of those it strikes.
   It greatly protects you from fire.
   It lets you see invisible.
Missiles
 c - 17 javelins of returning
 p - 6 javelins of penetration (quivered)
Armour
 d - a +2 cloak (worn)
 t - a +1 pair of gloves of archery (worn)
 C - a +1 large shield (worn)
 D - a +1 cloak
 I - +8 gold dragon scales (worn)
 M - a +2 cloak
Jewellery
 b - an uncursed ring of poison resistance
 o - an uncursed ring of protection from cold
 q - an uncursed ring of see invisible
 s - a +2 ring of slaying
 v - the ring of Xeacracu (left hand) {rC++ rN+}
   (You found it in the Dungeon)

   [ring of positive energy]

   It greatly protects you from cold.
   It protects you from negative energy.
 x - the ring "Yppax" {Ice *Slow rN+ Str+2 Int+8}
   (You found it in the Dungeon)

   [ring of ice]

   It enhances your ice magic.
   It affects your strength (+2).
   It affects your intelligence (+8).
   It makes you vulnerable to fire.
   It protects you from cold.
   It protects you from negative energy.
   It may slow you when you take damage.
 z - an uncursed ring of protection from cold
 B - the amulet "Uriokhes" {Spirit rElec MP+9 SInv}
   (You found it in the Dungeon)

   [amulet of guardian spirit]

   It causes incoming damage to be split between your health and magic.
   It insulates you from electricity.
   It affects your magic capacity (+9).
   It lets you see invisible.
 E - the amulet of Cison {rPois MR- Regen+ Str+3}
   (You found it in the Dungeon)

   [amulet of regeneration]

   It affects your strength (+3).
   It protects you from poison.
   It affects your resistance to hostile enchantments.
   It increases your rate of regeneration.
 F - a +2 ring of slaying
 J - the ring of Raeduog (right hand) {rElec rC+ Dex+4 SInv}
   (You found it in the Dungeon)

   [ring of see invisible]

   It affects your dexterity (+4).
   It protects you from cold.
   It insulates you from electricity.
   It lets you see invisible.
 O - a cursed -3 ring of intelligence
Wands
 n - a wand of iceblast (2)
Scrolls
 g - 9 scrolls of identify
 k - 4 scrolls of blinking
 l - 5 scrolls of remove curse
 m - 2 scrolls of amnesia
 r - a scroll of fog
 u - 2 scrolls of enchant weapon
 w - a scroll of magic mapping
 y - 4 scrolls of fear
 P - a scroll of brand weapon {unknown}
Potions
 a - 2 potions of flight {unknown}
 e - a potion of invisibility
 h - 3 potions of curing
 i - 3 potions of magic { g}
 j - a potion of brilliance
 N - a potion of might
Comestibles
 f - 9 rations


   Skills:
 O Level 27 Fighting
 O Level 27 Long Blades
 O Level 27 Throwing
 O Level 27 Armour
 O Level 27 Dodging
 O Level 27 Shields
 O Level 27 Unarmed Combat
 + Level 22.4 Spellcasting
 O Level 27 Invocations


You had 64 spell levels left.
You didn't know any spells.

Dungeon Overview and Level Annotations

Branches:
Dungeon (1/1)

Altars:
Cheibriados
Dithmenos
Elyvilon
Fedhas
Gozag
Hepliaklqana
Kikubaaqudgha
Makhleb
Nemelex Xobeh
Okawaru
Qazlal
Ru
Sif Muna
Trog
Uskayaw
Vehumet
Wu Jian
Xom
Yredelemnul
Zin
The Shining One
Beogh
Jiyva
Lugonu

Shops:
D %?=(


Innate Abilities, Weirdness & Mutations

You reflexively headbutt those who attack you in melee.
You have a pair of horns on your head.
Armour fits poorly on your strangely shaped body.
You are extremely frail. (-30% HP)
Your magical capacity is extremely low. (-30% MP)
You are weak. (Str -2)
Your spells are a little easier to cast, but a little less powerful.


Message History

You are confused.
You feel better. The golden eye blinks at you.
You resist with almost no effort. The acid blob spits acid at you.
The splash of acid hits you!
* * * LOW HITPOINT WARNING * * *
The acid corrodes you!
You are splashed with acid!
The acid burns!
* * * LOW HITPOINT WARNING * * *
Your blink will be uncontrolled - continue anyway?
Uppercase [Y]es or [N]o only, please.
Your blink will be uncontrolled - continue anyway?
The Orb prevents control of your translocation!
You blink.
As you read the scroll of blinking, it crumbles to dust.
The acid blob spits acid at you. The splash of acid hits you!
* * * LOW HITPOINT WARNING * * *
You are splashed with acid!
The acid burns!
You die...

▓▓▓▓▓▓▓▓▓▓▓▓▓▓▓▓▓▓▓▓▓▓▓▓▓♣♣♣♣♣♣♣♣
(....J.G.JJ....)@.).)))(()...(...
▓▓▓▓▓▓▓▓▓▓▓▓▓▓▓▓▓▓▓▓▓▓▓▓▓♣♣♣♣♣♣♣♣
.................................
▓▓▓▓▓▓▓▓▓▓▓▓▓▓▓▓▓▓▓▓▓▓▓▓▓▓▓▓▓▓▓▓▓
.†...........)).)...'.'......÷.'.
▓▓▓▓▓▓▓▓▓▓▓▓▓▓▓▓▓▓▓▓▓▓▓▓▓▓▓▓▓▓▓▓▓
.................................
▓▓▓▓▓▓▓▓▓▓▓▓▓▓▓▓▓▓▓▓▓▓▓▓▓▓▓▓▓▓▓▓▓
.....†[.[[......)†....).)).......


You could see an acid blob and a death ooze.

Vanquished Creatures
  the Royal Jelly (D)
  Mennas (D)
  Mara (D)
  4 orbs of fire (D)
  5 ancient liches (D)
  Boris (D)
  Sojobo (D)
  Frederick (D)
  Saint Roka (D)
  A Killer Klown (D)
  A curse toe (D)
  7 golden dragons (D)
  Jory (D)
  2 bone dragons (D)
  3 electric golems (D)
  2 liches (D)
  4 tentacled monstrosities (D)
  28 Orb Guardians (D)
  A deep elf master archer (D)
  3 deep elf blademasters (D)
  5 acid blobs (D)
  A death cob (D)
  A sphinx (D)
  Agnes (D)
  4 storm dragons (D)
  7 shadow dragons (D)
  A draconian monk (D)
  2 tengu reavers (D)
  4 nagarajas (D)
  Ilsuiw (D)
  3 fire giants (D)
  7 azure jellies (D)
  5 frost giants (D)
  3 draconian scorchers (D)
  4 ghost moths (D)
  A deep elf sorcerer (D)
  An emperor scorpion (shapeshifter) (D)
  5 vault wardens (D)
  7 emperor scorpions (D)
  2 draconian knights (D)
  Louise (D)
  4 draconian stormcallers (D)
  2 draconian shifters (D)
  An ironheart preserver (D)
  A very ugly thing (D)
  9 stone giants (D)
  2 draconian annihilators (D)
  4 vampire knights (D)
  An entropy weaver (D)
  3 green draconians (D)
  A black draconian (D)
  4 deep elf demonologists (D)
  Azrael (D)
  7 red draconians (D)
  A white draconian (D)
  3 deep elf annihilators (D)
  A purple draconian (D)
  3 yellow draconians (D)
  5 ettins (D)
  Snorg (D)
  2 merfolk javelineers (D)
  4 merfolk impalers (D)
  Josephine (D)
  2 deep elf death magi (D)
  3 fire dragons (D)
  A deep elf high priest (D)
  3 yaktaur captains (D)
  25 vault guards (D)
  An ice dragon (D)
  A great orb of eyes (D)
  A spriggan air mage (D)
  A rakshasa (D)
  8 hydras (D)
  A naga warrior (D)
  2 merfolk aquamancers (D)
  4 centaur warriors (D)
  A merfolk avatar (D)
  2 two-headed ogres (D)
  2 deep troll shamans (D)
  5 ogre magi (D)
  2 deep troll earth magi (D)
  A hell knight (D)
  A salamander mystic (D)
  Sonja (D)
  An iron troll (D)
  A deep elf knight (D)
  3 skeletal warriors (D)
  A wizard (D)
  2 sea snakes (D)
  2 deep trolls (D)
  A spriggan druid (D)
  A deep elf archer (D)
  2 ironbrand convokers (D)
  A small abomination (D)
  5 orc knights (D)
  5 swamp dragons (D)
  A manticore (D)
  2 ugly things (D)
  2 deep elf magi (D)
  3 wolf spiders (D)
  7 moths of wrath (D)
  A cyclops (D)
  2 water nymphs (D)
  A vault sentinel (D)
  5 black mambas (D)
  3 naga magi (D)
  4 guardian serpents (D)
  4 spiny frogs (D)
  3 yaktaurs (D)
  2 freezing wraiths (D)
  A tengu conjurer (D)
  A komodo dragon (D)
  A guardian mummy (D)
  3 merfolk (D)
  A queen bee (shapeshifter) (D)
  2 demonic crawlers (D)
  7 trolls (D)
  2 wind drakes (D)
  3 tyrant leeches (D)
  3 hornets (D)
  2 jumping spiders (D)
  3 slime creatures (D)
  2 bog bodies (D)
  A snapping turtle (D)
  3 blink frogs (D)
  3 hippogriffs (D)
  3 wraiths (D)
  11 spriggans (D)
  2 fire elementals (D)
  3 tarantellas (D)
  2 yaks (D)
  Eustachio (D)
  Grum (D)
  4 nagas (D)
  A naga (shapeshifter) (D)
  An acid dragon (D)
  An insubstantial wisp (D)
  3 hell hounds (D)
  5 water moccasins (D)
  2 porcupines (D)
  2 swamp drakes (D)
  A floating eye (D)
  19 orc warriors (D)
  A sky beast (D)
  3 eyes of draining (D)
  A phantom (D)
  3 wolves (D)
  2 centaurs (D)
  2 crocodiles (D)
  4 bullfrogs (D)
  A crimson imp (D)
  2 orc wizards (D)
  An orc priest (D)
  A worker ant (D)
  An adder (D)
  An adder zombie (D)
  An adder skeleton (D)
  2 dart slugs (D)
  A leopard gecko (D)
  8 orcs (D)
  A jackal (D)
  A kobold (D)
  2 frilled lizards (D)
  A jackal skeleton (D)
469 creatures vanquished.

Vanquished Creatures (others)
  A vampire knight (D)
  A naga mage (D)
2 creatures vanquished.

Grand Total: 471 creatures vanquished

Notes
Turn   | Place    | Note
-------+----------+-------------------------------------------
     0 | D        | Groucho the Minotaur Fighter began the quest for the Orb.
     0 | D        | Reached XP level 1. HP: 19/19 MP: 0/0
    21 | D        | Reached XP level 2. HP: 24/28 MP: 1/1
    30 | D        | Noticed a centaur
    30 | D        | Noticed a water moccasin
    39 | D        | HP: 1/28 [water moccasin (8)]
    41 | D        | Killed a water moccasin
    41 | D        | Reached XP level 3. HP: 37/38 MP: 2/2
    41 | D        | Reached XP level 4. HP: 44/45 MP: 3/3
    52 | D        | Killed a centaur
    52 | D        | Reached XP level 5. HP: 45/53 MP: 4/4
    61 | D        | Found a roughly hewn altar of Beogh.
    61 | D        | Found a snail-covered altar of Cheibriados.
    61 | D        | Found a shadowy altar of Dithmenos.
    61 | D        | Found a white marble altar of Elyvilon.
    61 | D        | Found a blossoming altar of Fedhas.
    61 | D        | Found an opulent altar of Gozag.
    62 | D        | Found a hazy altar of Hepliaklqana.
    63 | D        | Found a viscous altar of Jiyva.
    64 | D        | Found an ancient bone altar of Kikubaaqudgha.
    65 | D        | Became a worshipper of Cheibriados the Contemplative
    66 | D        | Found a corrupted altar of Lugonu.
    67 | D        | Found a burning altar of Makhleb.
    68 | D        | Found a sparkling altar of Nemelex Xobeh.
    69 | D        | Found an iron altar of Okawaru.
    70 | D        | Found a stormy altar of Qazlal.
    71 | D        | Found a sacrificial altar of Ru.
    72 | D        | Found a deep blue altar of Sif Muna.
    73 | D        | Found a bloodstained altar of Trog.
    74 | D        | Found a hide-covered altar of Uskayaw.
    75 | D        | Found a radiant altar of Vehumet.
    76 | D        | Found an ornate altar of the Wu Jian Council.
    77 | D        | Found a shimmering altar of Xom.
    78 | D        | Found a basalt altar of Yredelemnul.
    79 | D        | Found a glowing silver altar of Zin.
    80 | D        | Found a glowing golden altar of the Shining One.
   143 | D        | Noticed a hornet
   143 | D        | Noticed a centaur
   143 | D        | Noticed a two-headed ogre
   143 | D        | Noticed a sky beast
   143 | D        | Noticed a phantom
   146 | D        | Killed a phantom
   146 | D        | Reached XP level 6. HP: 51/62 MP: 4/6
   155 | D        | Killed a sky beast
   167 | D        | Killed a two-headed ogre
   167 | D        | Reached * piety under Cheibriados
   167 | D        | Reached skill level 10 in Fighting
   167 | D        | Reached skill level 10 in Long Blades
   167 | D        | Reached skill level 10 in Armour
   167 | D        | Reached skill level 10 in Shields
   167 | D        | Reached skill level 5 in Invocations
   167 | D        | Reached XP level 7. HP: 50/73 MP: 6/10
   167 | D        | Reached XP level 8. HP: 55/80 MP: 6/11
   171 | D        | Reached ** piety under Cheibriados
   174 | D        | Killed a hornet
   181 | D        | Noticed a troll
   181 | D        | Noticed a deep elf mage
   186 | D        | Killed a deep elf mage
   186 | D        | Reached *** piety under Cheibriados
   193 | D        | Killed a troll
   193 | D        | Reached XP level 9. HP: 47/90 MP: 5/13
   194 | D        | Reached **** piety under Cheibriados
   483 | D        | Noticed a komodo dragon
   487 | D        | Reached skill level 1 in Dodging
   495 | D        | Killed a komodo dragon
   495 | D        | Reached ***** piety under Cheibriados
   501 | D        | Noticed a spiny frog
   511 | D        | Killed a spiny frog
   511 | D        | Reached ****** piety under Cheibriados
   710 | D        | Noticed a black mamba
   715 | D        | Killed a black mamba
   715 | D        | Reached skill level 5 in Dodging
   718 | D        | Reached XP level 10. HP: 87/99 MP: 15/15
   738 | D        | Noticed a spiny frog
   738 | D        | Noticed a spiny frog
   742 | D        | Killed a spiny frog
   744 | D        | Killed a spiny frog
   744 | D        | Reached skill level 10 in Invocations
  1174 | D        | Noticed an orc knight
  1186 | D        | Killed an orc knight
  1186 | D        | Reached skill level 1 in Unarmed Combat
  1202 | D        | Reached XP level 11. HP: 53/107 MP: 3/18
  1236 | D        | Found Hucwahot's Antique Weapon Boutique.
  1236 | D        | Noticed an iron troll
  1236 | D        | Noticed an ettin
  1236 | D        | Noticed a deep troll
  1236 | D        | Noticed an ogre mage
  1238 | D        | Noticed an ogre mage
  1242 | D        | Killed a deep troll
  1242 | D        | Killed an ogre mage
  1242 | D        | Reached skill level 15 in Shields
  1243 | D        | Killed an ogre mage
  1244 | D        | Found Ceiromei's Jewellery Shop.
  1245 | D        | Noticed an ettin
  1245 | D        | Killed an ettin
  1245 | D        | Reached skill level 10 in Dodging
  1264 | D        | Killed an iron troll
  1274 | D        | Killed an ettin
  1274 | D        | Reached skill level 5 in Unarmed Combat
  1592 | D        | Found Uppeluleunt's Magic Scroll Boutique.
  1596 | D        | Found Lum Saist's Food Shop.
  1601 | D        | Noticed a deep troll
  1602 | D        | Noticed an ogre mage
  1607 | D        | Killed a deep troll
  1617 | D        | Killed an ogre mage
  1834 | D        | Bought an uncursed ring of poison resistance for 260 gold pieces
  1834 | D        | Bought an uncursed ring of protection from cold for 325 gold pieces
  1834 | D        | Bought an uncursed ring of see invisible for 195 gold pieces
  1838 | D        | Bought a scroll of identify for 20 gold pieces
  1838 | D        | Bought a scroll of magic mapping for 35 gold pieces
  1838 | D        | Bought a scroll of fear for 35 gold pieces
  1863 | D        | Noticed Grum
  1877 | D        | Killed Grum
  1897 | D        | Noticed Eustachio
  1898 | D        | Noticed Josephine
  1906 | D        | Killed Josephine
  1906 | D        | Reached XP level 12. HP: 108/118 MP: 20/20
  1914 | D        | Killed Eustachio
  2115 | D        | Noticed a centaur warrior
  2115 | D        | Noticed a two-headed ogre
  2119 | D        | Killed a two-headed ogre
  2119 | D        | Reached skill level 15 in Long Blades
  2124 | D        | Noticed a stone giant
  2126 | D        | Killed a centaur warrior
  2131 | D        | Noticed a centaur warrior
  2131 | D        | Noticed a deep troll shaman
  2135 | D        | Killed a stone giant
  2136 | D        | Noticed a deep troll shaman
  2142 | D        | Noticed a stone giant
  2147 | D        | Noticed an ogre mage
  2152 | D        | Killed a centaur warrior
  2155 | D        | Killed a deep troll shaman
  2162 | D        | Killed a deep troll shaman
  2166 | D        | Killed a stone giant
  2167 | D        | Paralysed by an ogre mage for 2 turns
  2170 | D        | Killed an ogre mage
  2603 | D        | Reached skill level 15 in Armour
  2986 | D        | Noticed a six-headed hydra
  3010 | D        | Killed a six-headed hydra
  3010 | D        | Reached XP level 13. HP: 94/125 MP: 21/21
  3276 | D        | Noticed an entropy weaver
  3295 | D        | Killed an entropy weaver
  3346 | D        | Noticed Sonja
  3353 | D        | Killed Sonja
  3411 | D        | Noticed Agnes
  3427 | D        | Killed Agnes
  3435 | D        | Noticed Snorg
  3442 | D        | Killed Snorg
  3471 | D        | Noticed a frost giant
  3471 | D        | Noticed a frost giant
  3471 | D        | Noticed an ettin
  3477 | D        | Killed an ettin
  3482 | D        | Noticed a purple very ugly thing
  3489 | D        | Killed a frost giant
  3500 | D        | Killed a frost giant
  3500 | D        | Reached skill level 15 in Dodging
  3506 | D        | Noticed an ettin
  3507 | D        | Noticed a frost giant
  3507 | D        | Killed a purple very ugly thing
  3510 | D        | Reached XP level 14. HP: 48/133 MP: 2/22
  3521 | D        | Killed a frost giant
  3818 | D        | Noticed a stone giant
  3818 | D        | Noticed a fire giant
  3819 | D        | Noticed a stone giant
  3826 | D        | Killed a stone giant
  3833 | D        | Killed a fire giant
  3838 | D        | Killed a stone giant
  4031 | D        | Noticed a vault warden
  4032 | D        | Noticed a fire giant
  4033 | D        | Noticed a stone giant
  4044 | D        | Killed a vault warden
  4049 | D        | Killed a fire giant
  4058 | D        | Killed a stone giant
  4071 | D        | Noticed a sphinx
  4103 | D        | Killed a sphinx
  4164 | D        | Noticed a tengu reaver
  4165 | D        | Noticed Sojobo
  4169 | D        | Killed a tengu reaver
  4183 | D        | Killed Sojobo
  4183 | D        | Reached skill level 27 in Shields
  4387 | D        | Noticed a tengu reaver
  4395 | D        | Killed a tengu reaver
  4395 | D        | Reached XP level 15. HP: 68/139 MP: 23/23
  4619 | D        | Noticed Mennas
  4645 | D        | Killed Mennas
  4645 | D        | Reached skill level 5 in Throwing
  4663 | D        | Noticed Frederick
  4677 | D        | Killed Frederick
  4753 | D        | Found the +5 robe of Night {Dark MR+ SInv}
  4835 | D        | Noticed Boris
  4860 | D        | Killed Boris
  4860 | D        | Reached skill level 15 in Fighting
  4923 | D        | Noticed a ghost moth
  4937 | D        | Noticed a ghost moth
  4971 | D        | Killed a ghost moth
  4985 | D        | Killed a ghost moth
  4995 | D        | Reached skill level 10 in Throwing
  4996 | D        | Noticed a ghost moth
  5003 | D        | Killed a ghost moth
  5023 | D        | Got a gossamer rune of Zot
  5121 | D        | Noticed Ilsuiw
  5146 | D        | Killed Ilsuiw
  5203 | D        | Reached XP level 16. HP: 116/157 MP: 24/24
  5357 | D        | Got a serpentine rune of Zot
  5415 | D        | Got a barnacled rune of Zot
  5513 | D        | Got a decaying rune of Zot
  5652 | D        | Reached skill level 15 in Throwing
  5800 | D        | Noticed a shadow dragon
  5805 | D        | Noticed a shadow dragon
  5814 | D        | Noticed a storm dragon
  5831 | D        | Killed a shadow dragon
  5843 | D        | Killed a shadow dragon
  5843 | D        | Reached skill level 27 in Armour
  5843 | D        | Reached XP level 17. HP: 157/178 MP: 20/25
  5898 | D        | Noticed a quicksilver dragon
  5898 | D        | an iron troll changed into a quicksilver dragon
  5901 | D        | a quicksilver dragon changed into an azure jelly
  5905 | D        | Noticed a quicksilver dragon
  5905 | D        | an azure jelly changed into a quicksilver dragon
  5907 | D        | a quicksilver dragon changed into a sphinx
  5945 | D        | Reached skill level 10 in Unarmed Combat
  5957 | D        | Got a silver rune of Zot
  6010 | D        | Noticed Louise
  6022 | D        | Killed Louise
  6030 | D        | Noticed Jory
  6048 | D        | Killed Jory
  6404 | D        | Got the ring of Xeacracu {rC++ rN+}
  6406 | D        | Got the ring "Yppax" {Ice *Slow rN+ Str+2 Int+8}
  6408 | D        | Got the amulet "Uriokhes" {Spirit rElec MP+9 SInv}
  6410 | D        | Got the amulet of Cison {rPois MR- Regen+ Str+3}
  6412 | D        | Got the ring of Raeduog {rElec rC+ Dex+4 SInv}
  6423 | D        | Got the +5 demon blade "Kurownem" {elec, MR++ MP+9 Str-4}
  6426 | D        | Got the +5 double sword "Liolao" {drain, rF++ SInv}
  6488 | D        | Noticed Mara
  6489 | D        | Noticed Azrael
  6502 | D        | Killed Azrael
  6505 | D        | Noticed Groucho's illusion
  6507 | D        | Killed Mara
  6996 | D        | Noticed Saint Roka
  7013 | D        | Killed Saint Roka
  7111 | D        | Noticed a bone dragon
  7111 | D        | Noticed a golden dragon
  7111 | D        | Noticed a golden dragon
  7111 | D        | Noticed a bone dragon
  7119 | D        | Killed a bone dragon
  7141 | D        | Killed a bone dragon
  7147 | D        | Killed a golden dragon
  7151 | D        | Killed a golden dragon
  7166 | D        | Reached skill level 15 in Unarmed Combat
  7183 | D        | Reached XP level 18. HP: 183/194 MP: 26/26
  7231 | D        | Noticed a golden dragon
  7231 | D        | Noticed a tentacled monstrosity
  7238 | D        | Killed a tentacled monstrosity
  7238 | D        | Reached skill level 27 in Dodging
  7250 | D        | Killed a golden dragon
  7267 | D        | Noticed a golden dragon
  7267 | D        | Noticed a tentacled monstrosity
  7267 | D        | Noticed a tentacled monstrosity
  7272 | D        | Killed a tentacled monstrosity
  7276 | D        | Killed a tentacled monstrosity
  7293 | D        | Killed a golden dragon
  7342 | D        | Reached skill level 27 in Fighting
  7347 | D        | Noticed a tentacled monstrosity
  7364 | D        | Killed a tentacled monstrosity
  7395 | D        | Noticed a golden dragon
  7432 | D        | Killed a golden dragon
  7555 | D        | Noticed an Orb Guardian
  7555 | D        | Noticed an Orb Guardian
  7555 | D        | Noticed an Orb Guardian
  7555 | D        | Noticed an Orb Guardian
  7555 | D        | Noticed an Orb Guardian
  7555 | D        | Noticed an Orb Guardian
  7559 | D        | Killed an Orb Guardian
  7560 | D        | Noticed an Orb Guardian
  7565 | D        | Killed an Orb Guardian
  7568 | D        | Noticed an Orb Guardian
  7576 | D        | Killed an Orb Guardian
  7577 | D        | Killed an Orb Guardian
  7577 | D        | Reached skill level 15 in Invocations
  7582 | D        | Killed an Orb Guardian
  7587 | D        | Killed an Orb Guardian
  7588 | D        | Noticed an Orb Guardian
  7591 | D        | Noticed an Orb Guardian
  7591 | D        | Killed an Orb Guardian
  7591 | D        | Reached skill level 27 in Long Blades
  7591 | D        | Killed an Orb Guardian
  7593 | D        | Killed an Orb Guardian
  7598 | D        | Killed an Orb Guardian
  7598 | D        | Reached XP level 19. HP: 202/207 MP: 30/30
  7607 | D        | Noticed a curse toe
  7607 | D        | Noticed a golden dragon
  7612 | D        | Killed a golden dragon
  7625 | D        | Killed a curse toe
  7899 | D        | Noticed an ancient lich
  7902 | D        | Killed an ancient lich
  7905 | D        | Noticed an orb of fire
  7908 | D        | Gained mutation: Your magical capacity is low. (-10% MP) [an orb of fire]
  7911 | D        | Gained mutation: You are weak. (Str -2) [an orb of fire]
  7916 | D        | Killed an orb of fire
  7919 | D        | Noticed an electric golem
  7932 | D        | Killed an electric golem
  7936 | D        | Noticed a Killer Klown
  7936 | D        | Noticed an electric golem
  7941 | D        | Noticed an orb of fire
  7946 | D        | Killed a Killer Klown
  7946 | D        | Reached skill level 27 in Throwing
  7947 | D        | Noticed an electric golem
  7948 | D        | Noticed a golden dragon
  7949 | D        | Noticed an orb of fire
  7950 | D        | Gained mutation: Your magical capacity is very low. (-20% MP) [an orb of fire]
  7951 | D        | Gained mutation: You are frail. (-10% HP) [an orb of fire]
  7962 | D        | Gained mutation: Armour fits poorly on your strangely shaped body. [an orb of fire]
  7973 | D        | Gained mutation: Your magical capacity is extremely low. (-30% MP) [an orb of fire]
  7974 | D        | Killed an orb of fire
  7982 | D        | Gained mutation: You are very frail. (-20% HP) [an orb of fire]
  7987 | D        | Gained mutation: You are extremely frail. (-30% HP) [an orb of fire]
  7988 | D        | Killed an orb of fire
  7989 | D        | Noticed an orb of fire
  7997 | D        | Killed an electric golem
  7998 | D        | Gained mutation: Your spells are a little easier to cast, but a little less powerful. [an orb of fire]
  8005 | D        | Killed an orb of fire
  8013 | D        | Killed a golden dragon
  8027 | D        | Reached skill level 27 in Unarmed Combat
  8040 | D        | Killed an electric golem
  8084 | D        | Reached XP level 20. HP: 141/151 MP: 24/24
  8115 | D        | Reached skill level 27 in Invocations
  8115 | D        | Reached skill level 1 in Spellcasting
  8126 | D        | Reached skill level 5 in Spellcasting
  8143 | D        | Got the Orb of Zot
  8224 | D        | Noticed an ancient lich
  8224 | D        | Noticed an ancient lich
  8229 | D        | Killed an ancient lich
  8231 | D        | Noticed an ancient lich
  8236 | D        | Killed an ancient lich
  8238 | D        | Noticed an ancient lich
  8247 | D        | Killed an ancient lich
  8247 | D        | Reached skill level 15 in Spellcasting
  8251 | D        | Paralysed by a vampire knight for 7 turns
  8266 | D        | Killed an ancient lich
  8268 | D        | Paralysed by a vampire knight for 4 turns
  8606 | D        | Got an elven rune of Zot
  8637 | D        | Paralysed by a floating eye for 3 turns
  8647 | D        | Paralysed by a floating eye for 2 turns
  8648 | D        | Noticed the Royal Jelly
  8653 | D        | Reached XP level 21. HP: 34/156 MP: 9/31
  8660 | D        | Killed the Royal Jelly
  8674 | D        | HP: 2/156 [acid blob/splash of acid (18)]
  8674 | D        | Splashed by an acid blob's acid

Skill      XL: |  1  2  3  4  5  6  7  8  9 10 11 12 13 14 15 16 17 18 19 20 21 |
---------------+----------------------------------------------------------------+-----
Fighting       | 4 6 7 8 10 11 12 13 14 18 22 25 27 | 27.0
Armour         | 4 6 7 8 10 11 12 13 14 15 18 21 24 27 | 27.0
Shields        | 4 6 7 8 10 11 13 14 15 19 23 27 | 27.0
Long Blades    | 3 6 7 10 11 12 14 18 19 23 27 | 27.0
Invocations    | 2 5 7 9 11 12 16 24 27 | 27.0
Dodging        | 5 8 11 12 15 18 21 24 26 27 | 27.0
Unarmed Combat | 2 6 7 15 21 27 | 27.0
Throwing       | 2 12 17 20 24 27 | 27.0
Spellcasting   | 21 22 | 22.4

Action                   |  1- 3 |  4- 6 |  7- 9 | 10-12 | 13-15 | 16-18 | 19-21 || total
-------------------------+-------+-------+-------+-------+-------+-------+-------++-------
Melee: Long sword        |    28 |    13 |       |       |       |       |       ||    41
       Headbutt          |     5 |     8 |    13 |   110 |   202 |   314 |   136 ||   788
       Scimitar          |       |    21 |    52 |   153 |       |       |       ||   226
       Double sword      |       |       |       |   100 |   484 |   672 |   328 ||  1584
Throw: Tomahawk          |       |       |       |     2 |     3 |       |       ||     5
       Javelin           |       |       |       |       |       |    21 |     4 ||    25
Invok: Slouch            |       |       |       |     9 |     9 |    14 |    14 ||    46
Evoke: Wand              |       |       |       |     5 |     3 |       |       ||     8
  Use: Potion            |     3 |     3 |       |     9 |     4 |       |    11 ||    30
       Scroll            |       |       |       |     2 |     4 |     4 |     1 ||    11
  Eat: Ration            |       |       |       |     2 |     1 |     2 |     1 ||     6
Armor: Scale mail        |     8 |    11 |     5 |     6 |       |       |       ||    30
       Plate armour      |       |       |       |    30 |    28 |       |       ||    58
       Gold dragon scale |       |       |       |       |    35 |    89 |    64 ||   188
Dodge: Dodged            |    10 |     8 |    10 |    74 |   165 |   273 |   117 ||   657
Block: Shield            |    14 |    16 |    27 |    92 |       |       |       ||   149
       Large shield      |       |       |       |   111 |   503 |   633 |   276 ||  1523
       Rpst.: Long sword |     2 |       |       |       |       |       |       ||     2
       Scimitar          |       |       |     1 |     6 |       |       |       ||     7
       Double sword      |       |       |       |     4 |    15 |    21 |    11 ||    51
